Map: Светотень РВ

Players

ИИ 1 (новичок)

  • Race: Zerg Zerg
  • Spawn Location: 5:00

Doll - Winner!

  • Race: Terran Terran
  • Spawn Location: 11:00

VOD

Have the link to the VOD?

Description

Time

  • Played on: Feb. 16, 2021, 8:45 a.m.
  • Length: 9:13
Show
View Real Time Build Order
Export as new Build Order

ИИ 1 (новичок) Zerg 

Build Orders: Hatch First 

Get SALT Encoding   

  12  0:00  Drone  
  13  0:12  Overlord  
  13  0:16  Drone  
  14  0:42  Hatchery  
  13  0:45  Drone  
  14  1:04  Spawning Pool  
  13  1:05  Extractor  
  13  1:07  Drone  
  13  1:14  Drone  
  14  1:19  Overlord  
  14  1:50  Queen, Zergling x2  
  14  1:53  Zergling x2  
  18  1:58  Roach Warren  
  17  2:02  Drone  
  18  2:08  Extractor  
  18  2:11  Drone  
  18  2:15  Zergling x2  
  19  2:18  Drone  
  20  2:26  Drone  
  21  2:33  Drone  
  22  2:40  Drone  
  23  2:47  Drone  
  24  2:54  Drone  
  25  3:02  Drone  
  25  3:04  Roach  
  28  3:07  Overlord  
  28  3:11  Drone  
  29  3:18  Drone  
  30  3:25  Drone  
  31  3:32  Drone  
  32  3:39  Drone  
  33  3:42  Overlord  
  33  3:46  Drone  
  34  3:51  Lair  
  34  3:53  Roach  
  34  3:54  Drone  
  37  4:02  Drone  
  38  4:09  Drone  
  39  4:16  Drone  
  40  4:23  Drone  
  41  4:24  Overlord  
  41  4:30  Drone  
  42  4:37  Drone  
  43  4:43  Roach  
  43  4:45  Drone  
  46  4:50  Overseer  
  46  4:52  Drone, Overseer  
  47  4:53  Extractor  
  47  4:58  Extractor  
  47  4:59  Drone  
  46  5:06  Drone  
  47  5:14  Drone  
  48  5:21  Drone  
  50  5:28  Drone  
  50  5:32  Roach  
  53  5:35  Drone  
  53  8:23  Zergling x2  
  53  8:24  Overlord  
  43  8:32  Drone  
  41  8:39  Drone  
  38  8:43  Overseer  
  38  8:47  Drone  
  34  8:54  Drone  
Show
View Real Time Build Order
Export as new Build Order

Doll Terran - Winner!

Build Orders:  

Get SALT Encoding   

  12  0:00  SCV  
  13  0:13  SCV  
  14  0:20  Supply Depot  
  14  0:25  SCV  
  15  0:43  SCV  
  15  0:44  Barracks  
  16  0:55  SCV  
  17  1:12  Command Center  
  17  1:16  SCV  
  18  1:23  Refinery  
  18  1:29  Supply Depot  
  18  1:30  SCV  
  19  1:34  Marine  
  20  1:45  SCV  
  21  1:52  Marine  
  22  1:58  Refinery, Orbital Command  
  22  2:10  Marine  
  23  2:26  SCV  
  23  2:27  Factory  
  23  2:28  Orbital Command  
  24  2:31  Marine  
  25  2:39  SCV  
  26  2:49  Marine  
  27  2:53  SCV  
  27  2:55  Bunker, SCV  
  29  3:05  SCV  
  29  3:07  SCV  
  29  3:08  Barracks Tech Lab  
  31  3:14  Starport, Factory Tech Lab  
  31  3:19  SCV, Supply Depot  
  32  3:26  SCV  
  33  3:28  Starport  
  33  3:31  Marauder  
  35  3:35  SCV  
  35  3:38  Siege Tank  
  35  3:39  SCV  
  40  3:49  SCV  
  40  3:51  Starport Tech Lab  
  40  3:52  SCV  
  40  3:54  Marauder  
  44  4:00  Supply Depot  
  44  4:02  SCV  
  45  4:05  Starport Tech Lab  
  45  4:06  SCV  
  46  4:10  Banshee  
  46  4:12  Hellion  
  46  4:15  SCV  
  52  4:17  Marauder  
  52  4:24  SCV, Supply Depot  
  55  4:31  SCV  
  55  4:35  Banshee  
  55  4:37  Hellion  
  55  4:38  SCV  
  62  4:42  Supply Depot  
  62  4:44  Refinery  
  62  4:46  Refinery, SCV  
  62  4:49  Marauder  
  62  4:51  SCV  
  66  4:56  Banshee, Supply Depot  
  66  4:59  SCV  
  70  5:05  Barracks  
  70  5:06  SCV  
  71  5:08  Barracks  
  71  5:14  Marauder, SCV  
  73  5:19  Banshee  
  73  5:20  SCV  
  78  5:25  Hellion  
  78  5:26  Stimpack  
  78  5:28  SCV  
  81  5:33  SCV  
  81  5:34  Engineering Bay  
  82  5:36  Engineering Bay  
  82  5:38  Supply Depot  
  82  5:39  Marine  
  82  5:42  Viking  
  85  5:45  SCV  
  86  5:53  Supply Depot  
  86  5:55  Barracks Tech Lab  
  86  5:56  Barracks Tech Lab  
  86  6:02  Terran Infantry Weapons Level 1  
  86  6:03  Armory  
  86  6:05  Viking  
  86  6:06  SCV  
  86  6:07  SCV  
  90  6:12  Supply Depot  
  90  6:14  Banshee  
  90  6:16  Marine  
  90  6:18  Marine  
  94  6:19  Marine  
  94  6:21  SCV  
  94  6:23  Concussive Shells  
  97  6:26  Terran Infantry Armor Level 1  
  97  6:28  SCV  
  98  6:33  Combat Shield  
  98  6:35  SCV  
  99  6:47  Marine x2  
  99  6:48  Marine  
  99  6:49  Command Center, SCV  
  99  6:50  SCV  
  99  6:53  Banshee  
  107  7:02  SCV  
  107  7:04  Fusion Core  
  107  7:06  SCV  
  107  7:08  Barracks  
  109  7:10  Marine  
  109  7:13  Supply Depot  
  110  7:18  Supply Depot  
Tags
 
Add a new tag
Caveats
  • Supply blocks, unpowered buildings, or Contaminate may cause inaccurate times.
  • Supply counts are checked every 10 seconds.